 Dungeon Crawl Stone Soup version 0.17.0-28-g6e173f8 (webtiles) character file.

65 theaverageperson the Skirmisher (level 3, -9/33 HPs)
             Began as a Draconian Berserker on Nov 24, 2015.
             Was a Believer of Trog.
             Killed by divine providence
             ... invoked by an orc priest
              (16 damage)
             ... on level 3 of the Dungeon on Nov 25, 2015.
             The game lasted 00:13:24 (1325 turns).

theaverageperson the Skirmisher (DrBe)              Turns: 1325, Time: 00:13:24

Health: -9/33      AC:  5    Str: 20    XL:     3   Next: 92%
Magic:  3/3        EV: 12    Int:  7    God:    Trog [**....]
Gold:   47         SH:  0    Dex: 10    Spells: 0 memorised, 2 levels left

rFire  . . .     SeeInvis .     k - +0 mace
rCold  . . .     Clarity  .     (armour unavailable)
rNeg   . . .     SustAt   .     (no shield)
rPois  .         Gourm    .     (helmet restricted)
rElec  .         Spirit   .     (no cloak)
rCorr  .         Warding  .     (no gloves)
rMut   .         Stasis   .     (no boots)
MR     .....                    (no amulet)
Stlth  +.........               (no ring)
                                (no ring)

@: lethally poisoned (-9 -> -19), not resistant to hostile enchantments, very
unstealthy
A: unfitting armour, cold-blooded, AC +5
a: Berserk, Trog's Hand, Burn Spellbooks, Renounce Religion


You were on level 3 of the Dungeon.
You worshipped Trog.
Trog was pleased with you.
You were not hungry.

You visited 1 branch of the dungeon, and saw 3 of its levels.

You collected 47 gold pieces.

Inventory:

Hand Weapons
 a - a +0 mace
 f - a +0 spear
 i - a +0 spear
 k - a +0 mace (weapon)
Missiles
 b - 14 arrows of frost
 e - 19 arrows
Armour
 c - a +0 plate armour
 m - a cursed -1 scale mail
Jewellery
 n - an uncursed ring of sustain attributes {unknown}
 p - a cursed ring of loudness {unknown}
 s - an uncursed amulet of resist corrosion {unknown}
Scrolls
 d - a scroll of fear {unknown}
 g - a scroll of recharging {unknown}
 h - a scroll of remove curse {unknown}
 j - a scroll of immolation {unknown}
 t - a scroll of enchant armour {unknown}
 v - a scroll of amnesia {unknown}
Potions
 l - a potion of magic
 o - a potion of curing
 q - a potion of lignification {unknown}
Comestibles
 r - 2 meat rations
 u - a bread ration


   Skills:
 * Level 3.8 Fighting
 * Level 3.8 Maces & Flails
 * Level 3.3 Dodging


You had 2 spell levels left.
You didn't know any spells.

Dungeon Overview and Level Annotations

Branches:
Dungeon (3/15)

Altars:
The Shining One


Innate Abilities, Weirdness & Mutations

Your plain brown scales are hard (AC +5).
Your body does not fit into most forms of armour.
You are cold-blooded and may be slowed by cold attacks.


Message History

The adder bites you but does no damage.
You feel sick. The adder bites you but does no damage.
You feel sick. The adder bites you.
You are more poisoned.
The adder poisons you!
The orc priest shouts!
The orc priest invokes the aid of Beogh against you.
You barely resist.
The orc throws a tomahawk.
The tomahawk closely misses you.
You see here a tomahawk.
You feel sick.
You feel sick. The adder closely misses you. The adder bites you.
* * * LOW HITPOINT WARNING * * *
You are lethally poisoned!
The adder poisons you!
* * * LOW HITPOINT WARNING * * *
You feel sick.
The orc priest invokes the aid of Beogh against you.
Something smites you!
You die...

######## #.##. #..o...# #.#
#.... #.####o# #.# ##### #.# #o#
#.# ##### #o# #.# #.# #.... #o#
#o# #.# #.... # #o# #o# #.#
#....
#####.#.####(####.##########....
......!...g.So.@.[.........'....
.####.#...o#.####.##########....
#.####.#.# #.# ##### #...(.o..#
..# ######.### #### #.# #)# #o#
#.#


You could see an orc priest, an adder, an orc and a goblin.

Vanquished Creatures
  3 adders (D:2)
  6 orcs (D:3)
  4 goblins
  3 hobgoblins
  2 jackals (D:2)
  4 kobolds
  2 ball pythons (D:2)
  A bat (D:2)
  2 giant newts
  3 rats
30 creatures vanquished.

Notes
Turn   | Place    | Note
--------------------------------------------------------------
     0 | D:1      | theaverageperson the Draconian Berserker began the quest for the Orb.
     0 | D:1      | Reached XP level 1. HP: 19/19 MP: 1/1
   439 | D:2      | Found a glowing golden altar of the Shining One.
   471 | D:2      | Reached XP level 2. HP: 19/26 MP: 2/2
   712 | D:2      | Reached XP level 3. HP: 19/31 MP: 3/3
  1043 | D:3      | Reached ** piety under Trog
  1325 | D:3      | Killed from afar by an orc priest

Action                   || total
-------------------------++-------
Melee: Mace              ||    90
  Use: Potion            ||     2
  Eat: Bread ration      ||     1
